 Dungeon Crawl Stone Soup version 0.25.0-10-g039870ee82 (webtiles) character file.

Game seed: 2136101863998398299

1714 mopl the Insei (level 9, -6/53 HPs)
             Began as an Octopode Transmuter on June 23, 2020.
             Mangled by a mummy (16 damage)
             ... in an ossuary.
             The game lasted 00:09:35 (4870 turns).

mopl the Insei (Octopode Transmuter)                Turns: 4870, Time: 00:09:35

Health: -6/53      AC:  1    Str:  9    XL:     9   Next: 4%
Magic:  25/25      EV: 15    Int: 15    God:
Gold:   132        SH:  0    Dex: 16    Spells: 2/17 levels left

rFire    . . .     SeeInvis .     - Unarmed
rCold    . . .     Gourm    .   (no shield)
rNeg     . . .     Faith    .   (helmet restricted)
rPois    .         Spirit   .   l - amulet of regeneration
rElec    .         Reflect  .   h - ring of magical power
rCorr    .         Harm     .   A - ring of stealth
MR       .....                  (no ring)
Stlth    +++.......             (no ring)
HPRegen  0.57/turn              (no ring)
MPRegen  0.19/turn              (no ring)
                                (no ring)
                                (no ring)

@: appendage
A: almost no armour, stealthy swim, amphibious, 8 rings, constrict 8, tentacle
spike 3, camouflage 1, gelatinous body 1
a: End Transformation


You were in an ossuary.
You were not hungry.
One of your tentacles had a temporary spike.
You visited 1 branch of the dungeon, and saw 6 of its levels.
You also visited: Ossuary.

You collected 241 gold pieces.
You spent 109 gold pieces at shops.

Inventory:

Hand Weapons
 b - a +0 hunting sling
 g - a +0 short sword of draining
Missiles
 a - 157 arrows
 d - 215 stones
 i - 37 poisoned darts (quivered)
 k - 6 javelins
 s - 2 boomerangs
 y - 2 throwing nets
Jewellery
 h - a ring of magical power (left tentacle)
 l - an amulet of regeneration (around mantle)
 r - an uncursed amulet of the acrobat
 A - a ring of stealth (right tentacle)
Wands
 m - a wand of digging (8)
Scrolls
 e - 2 scrolls of teleportation {unknown}
 f - a scroll of enchant weapon {unknown}
 o - a scroll of fog {unknown}
 p - 2 scrolls of enchant armour
 q - 2 scrolls of identify
 t - a scroll of remove curse {unknown}
 v - a scroll of amnesia {unknown}
Potions
 j - 2 potions of curing
 n - a potion of brilliance
 u - a potion of heal wounds
 w - a potion of lignification
 z - a potion of stabbing
Comestibles
 c - 9 rations


   Skills:
 - Level 1.0 Fighting
 + Level 3.2 Dodging
 * Level 7.5 Unarmed Combat
 + Level 4.7 Spellcasting
 + Level 5.1 Transmutations
 - Level 3.0 Ice Magic
 - Level 2.0 Poison Magic
 + Level 3.1 Evocations


You had 2 spell levels left.
You knew the following spells:

 Your Spells              Type           Power        Failure   Level  Hunger
a - Beastly Appendage     Tmut           ###...       1%          1    None
b - Spider Form           Tmut/Pois      ##........   12%         3    ###....
c - Blade Hands           Tmut           ###.......   50%         5    ######.
d - Ice Form              Ice/Tmut       ###.....     30%         4    ####...
w - Sticks to Snakes      Tmut           ###.....     3%          2    ##.....

Your spell library contained the following spells:

 Spells                   Type           Power        Failure   Level  Hunger
 Malign Gateway           Summ/Tloc      #.........   100%        7    #######
 Monstrous Menagerie      Summ           #.........   100%        7    #######
 Summon Greater Demon     Summ           #.........   100%        7    #######
 Summon Horrible Things   Summ           #.........   100%        8    #######


Dungeon Overview and Level Annotations

Branches:
Dungeon (6/15)            Ossuary (1/1)
 Temple: D:4-7

Altars:
Ashenzari
Fedhas
Sif Muna

Shops:
D:5 =(=%*

Annotations:
D:3 1 runed translucent door, IHuginn's ghost, amateur GrFi


Innate Abilities, Weirdness & Mutations

You cannot wear most types of armour.
You are very stealthy in the water. (Stealth+)
You are amphibious.
You can wear up to eight rings at the same time.
You can use your tentacles to constrict eight enemies at once.
Your skin changes colour to match your surroundings (Stealth+).
Your rubbery body absorbs attacks. (AC +1, EV +1)
One of your tentacles bears a large vicious spike.


Message History

There is an open door, spattered with blood here.
You tentacle-slap the mummy but do no damage.
You grab the mummy. You constrict the mummy. The mummy hits you!
You are too injured to fight recklessly!
You are too injured to fight recklessly!
You tentacle-slap the mummy but do no damage.
The mummy is lightly damaged.
You constrict the mummy.
You tentacle-slap the mummy but do no damage.
You squeeze the mummy.
The mummy is moderately damaged.
You constrict the mummy. The mummy hits you!
* * * LOW HITPOINT WARNING * * *
You tentacle-slap the mummy.
The mummy is heavily damaged.
You constrict the mummy. You tentacle-slap the mummy.
The mummy is severely damaged.
You constrict the mummy. The mummy hits you!
You die...

...# #...# ...# #...#
...# #...# ...# #...#
'### ##'## ^^.# #.^^#
^^^##### #######^^.#
...#...#??!!#...#^^.#
^^.'.∩.#??)!+.∩M@..^#
∩..#...#!!?!#...#^^^#
######## ###########


You could see a mummy.

Vanquished Creatures
  A sky beast (D:5)
  An orc warrior (D:3)
  An ogre (D:5)
  2 centaurs
  6 water moccasin zombies (Ossuary)
  A scorpion (D:4)
  A crimson imp (D:5)
  2 howler monkeys
  A bullfrog zombie (D:5)
  A jelly (D:5)
  A centaur skeleton (D:5)
  2 orc priests
  6 orc wizards
  3 iguanas
  Terence (D:2)
  5 worker ants
  2 big kobold zombies (Ossuary)
  A mummy (Ossuary)
  4 gnolls (D:5)
  4 adders
  A shadow imp (D:5)
  An ooze (D:5)
  An adder skeleton (D:4)
  3 adder zombies (Ossuary)
  3 worms
  A dart slug (D:1)
  5 leopard geckos
  6 orcs
  A ball python (D:1)
  9 giant cockroaches
  6 goblins
  8 hobgoblins
  2 quokkas
  11 bats
  A frilled lizard (D:3)
  4 gnoll zombies (Ossuary)
  2 hobgoblin zombies (Ossuary)
  14 kobolds
  3 kobold zombies (Ossuary)
  4 orc zombies (Ossuary)
  13 rats
145 creatures vanquished.

Notes
Turn   | Place    | Note
-------+----------+-------------------------------------------
     0 | D:1      | mopl the Octopode Transmuter began the quest for the Orb.
     0 | D:1      | Reached XP level 1. HP: 13/13 MP: 3/3
    94 | D:1      | Reached XP level 2. HP: 14/18 MP: 5/5
   126 | D:1      | Learned a level 2 spell: Sticks to Snakes
   618 | D:1      | Reached XP level 3. HP: 23/23 MP: 6/6
   892 | D:1      | Learned a level 3 spell: Spider Form
  1020 | D:2      | Found a shimmering blue altar of Sif Muna.
  1331 | D:2      | Found a shattered altar of Ashenzari.
  1453 | D:2      | Noticed Terence
  1588 | D:2      | Killed Terence
  1588 | D:2      | Reached skill level 4 in Unarmed Combat
  1588 | D:2      | Reached skill level 1 in Poison Magic
  1588 | D:2      | Reached XP level 4. HP: 28/28 MP: 7/7
  1821 | D:3      | Found a shattered altar of Ashenzari.
  1937 | D:3      | Found a runed translucent door.
  1937 | D:3      | Noticed a bullfrog
  1938 | D:3      | Found a blossoming altar of Fedhas.
  1939 | D:3      | Noticed IHuginn's ghost (amateur GrFi)
  2292 | D:3      | Reached XP level 5. HP: 29/33 MP: 9/9
  2685 | D:4      | Learned a level 4 spell: Ice Form
  2803 | D:4      | Reached XP level 6. HP: 36/38 MP: 10/10
  2912 | D:4      | Noticed an orc warrior
  2961 | D:3      | Killed an orc warrior
  2961 | D:3      | Reached skill level 5 in Unarmed Combat
  2961 | D:3      | Reached skill level 1 in Ice Magic
  3200 | D:4      | Reached XP level 7. HP: 37/43 MP: 12/12
  3488 | D:5      | Entered Level 5 of the Dungeon
  3531 | D:5      | Found Nijuuth's Jewellery Boutique.
  3565 | D:5      | Reached skill level 6 in Unarmed Combat
  3657 | D:5      | Found Kinoh's Food Shoppe.
  3770 | D:5      | Found Nipn's Antique Weapon Boutique.
  3834 | D:5      | Reached skill level 1 in Evocations
  3834 | D:5      | Reached XP level 8. HP: 47/48 MP: 14/14
  3849 | D:5      | Learned a level 5 spell: Blade Hands
  3860 | D:5      | Found Daufriejadgh's Assorted Antiques.
  3867 | D:5      | Bought a scroll labeled BOISTR PIEHO for 28 gold pieces
  3867 | D:5      | Bought an orange potion for 25 gold pieces
  3867 | D:5      | Bought a scroll of identify for 56 gold pieces
  4177 | D:5      | Found Sija's Jewellery Shop.
  4574 | D:6      | Reached skill level 7 in Unarmed Combat
  4621 | D:6      | Found a sand-covered staircase.
  4636 | Ossuary  | Entered an ossuary
  4771 | Ossuary  | Reached skill level 5 in Transmutations
  4835 | Ossuary  | Reached XP level 9. HP: 52/53 MP: 16/16
  4870 | Ossuary  | Mangled by a mummy

Illustrated notes

Levels and vault maps discovered:
D:1:      saegor_arrival_under_anarchy, layout_loops_corners
D:2:      layout_loops_cross, lemuel_doored_altar, nicolae_ashenzari_panopticon,
          uniq_terence
D:3:      layout_basic, old_standard_altar, nicolae_overflow_hidden_temple,
          ebering_ghost_sewer_d, first_ration
D:4:      layout_loops_ring, minmay_checkerbox
D:5:      layout_loops_cross, serial_shops, nicolae_shop_crystal,
          shop_fountains, nicolae_shop_waterfront,
          nicolae_shop_competitors_out_of_business, nicolae_shop_waterfront,
          chequers_serial_rivers_large_a
D:6:      layout_loops_corners, gammafunk_ghost_mausoleum, serial_shops,
          shop_fountains, enter_ossuary_1, chequers_serial_rivers_micro_b,
          dk_rats_in_the_wall
Ossuary:  ossuary_tomb_2

Skill      XL: |  1  2  3  4  5  6  7  8 |
---------------+-------------------------+-----
Unarmed Combat | 4 5 6 7 |  7.5
Poison Magic   | 1 2 |  2.0
Transmutations | 3 4 5 |  5.1
Spellcasting   | 3 4 |  4.7
Ice Magic      | 1 2 3 |  3.0
Evocations     | 1 3 |  3.1
Dodging        | 3 |  3.2
Fighting       | |  1.0

Action                   |  1- 3 |  4- 6 |  7- 9 || total
-------------------------+-------+-------+-------++-------
Melee: Unarmed           |    95 |   125 |   202 ||   422
       Constrict         |    23 |    18 |    30 ||    71
       Tentacles         |     6 |    13 |    30 ||    49
       Kick              |     5 |       |    16 ||    21
       Punch             |     2 |       |     9 ||    11
Throw: Dart              |       |     4 |       ||     4
 Cast: Beastly Appendage |     5 |       |     3 ||     8
       Sticks to Snakes  |     1 |       |       ||     1
       Spider Form       |     2 |     6 |    13 ||    21
  Use: Scroll            |       |     3 |     3 ||     6
 Stab: Sleeping          |     6 |     9 |     2 ||    17
  Eat: Chunk             |     2 |     6 |     7 ||    15
Armor: Skin              |    20 |     4 |     7 ||    31
Dodge: Dodged            |    56 |    67 |   147 ||   270
